[Event "December 12 Late 2023"]
[Site "https://www.chess.com"]
[Date "2023.12.12"]
[Round "7"]
[White "Lopusiewicz, Piotr"]
[Black "Erece, Ece Alkim"]
[Result "1-0"]
[Board "102"]
[TimeControl "180+1"]
[WhiteFideId "1116029"]
[BlackFideId "6346006"]
[WhiteElo "2432"]
[BlackElo "2254"]
[WhiteTeam "POL"]
[BlackTeam "TUR"]
[WhiteClock "0:00:12"]
[BlackClock "0:00:00"]

1. d4 d5 2. c4 c6 3. Nf3 Nf6 4. cxd5 cxd5 5. Nc3 Nc6 6. Bf4 Bf5 7. Qb3 Qb6 8. Qxb6 axb6 9. a3 e6 10. Rc1 Be7 11. e3 h6 12. Nb5 O-O 13. h3 Ne4 14. Be2 Na5 15. Bd3 Rac8 16. Ke2 Nb3 17. Rcd1 Nf6 18. Nd2 Nxd2 19. Rxd2 Bxd3+ 20. Kxd3 Ne4 21. f3 Nxd2 22. Kxd2 Rc6 23. Kd3 Rc4 24. Nc3 Rfc8 25. g4 Bxa3 26. Nd1 Bb4 27. e4 Rc2 28. Rf1 1-0

[Event "December 12 Late 2023"]
[Site "https://www.chess.com"]
[Date "2023.12.12"]
[Round "7"]
[White "Buchenau, Frank"]
[Black "De Lima, Valdenicio Marcelino"]
[Result "1-0"]
[Board "103"]
[TimeControl "180+1"]
[WhiteFideId "4604350"]
[BlackFideId "2132044"]
[WhiteElo "2416"]
[BlackElo "2245"]
[WhiteTeam "GER"]
[BlackTeam "BRA"]
[WhiteClock "0:00:34"]
[BlackClock "0:00:57"]

1. e4 c5 2. Nf3 Nc6 3. Bb5 g6 4. Bxc6 dxc6 5. d3 Bg7 6. O-O e5 7. Be3 b6 8. a4 h6 9. a5 Be6 10. Nc3 Ne7 11. Qd2 f5 12. exf5 gxf5 13. Qc1 Ng6 14. Re1 Kf7 15. Ra3 f4 16. Bd2 b5 17. Ne4 b4 18. Ra1 Qe7 19. c3 Rac8 20. cxb4 cxb4 21. d4 Bg4 22. Qc4+ Be6 23. Qxb4 Qxb4 24. Bxb4 Rb8 25. Nd6+ Kg8 26. Bc5 exd4 27. Rxe6 Rxb2 28. Rxg6 Kh7 29. Rxg7+ Kxg7 30. Bxd4+ 1-0

[Event "December 12 Late 2023"]
[Site "https://www.chess.com"]
[Date "2023.12.12"]
[Round "7"]
[White "Zeneli, Klendi"]
[Black "Wang, Alexander J"]
[Result "1-0"]
[Board "104"]
[TimeControl "180+1"]
[WhiteFideId "4706609"]
[BlackFideId "30955270"]
[WhiteElo "2398"]
[BlackElo "2227"]
[WhiteTeam "ALB"]
[BlackTeam "USA"]
[WhiteClock "0:01:10"]
[BlackClock "0:00:00"]

1. e4 c5 2. c3 Nf6 3. e5 Nd5 4. d4 cxd4 5. cxd4 Nc6 6. Nc3 e6 7. Bc4 Bb4 8. Ne2 O-O 9. O-O Nxc3 10. Nxc3 Be7 11. Be3 d5 12. Bd3 g6 13. Rc1 a6 14. f4 Re8 15. g4 Bf8 16. f5 Qh4 17. f6 Bh6 18. Bxh6 Qxh6 19. Rf3 Nxd4 20. Rg3 Qg5 21. Qe1 Bd7 22. Kg2 b5 23. Qf2 Nc6 24. h4 Qxe5 25. Re1 Qd6 26. h5 d4 27. Ne4 1-0

[Event "December 12 Late 2023"]
[Site "https://www.chess.com"]
[Date "2023.12.12"]
[Round "7"]
[White "Marchesich, Giovanni"]
[Black "Bullen, Alex"]
[Result "1-0"]
[Board "105"]
[TimeControl "180+1"]
[WhiteFideId "2824790"]
[BlackFideId "1801627"]
[WhiteElo "2397"]
[BlackElo "2216"]
[WhiteTeam "ITA"]
[BlackTeam "WLS"]
[WhiteClock "0:01:30"]
[BlackClock "0:00:17"]

1. d4 d5 2. Bg5 h6 3. Bh4 c6 4. e3 Qb6 5. Qc1 e5 6. c3 exd4 7. exd4 Bf5 8. Nf3 Be7 9. Bxe7 Nxe7 10. Be2 Nd7 11. O-O Nf6 12. Nbd2 O-O 13. Ne5 Ng6 14. Ndf3 Nxe5 15. Nxe5 Nd7 16. Qf4 Nxe5 17. Qxf5 Ng6 18. b3 Rae8 19. Bd3 Qd8 20. Rae1 Qh4 21. g3 Qd8 22. h4 Qc8 23. Qxc8 Rxc8 24. h5 Nh8 25. Re7 Rb8 26. Rfe1 g6 27. g4 Kg7 28. Kh2 Kf6 29. f4 Rfd8 30. hxg6 Nxg6 31. Bxg6 Kxg6 32. Rc7 Re8 33. Rxe8 Rxe8 34. Rxb7 Re2+ 35. Kg3 Rxa2 36. Rc7 Ra3 37. Rxc6+ f6 38. b4 a5 39. bxa5 Rxa5 40. Kh4 Ra3 41. g5 hxg5+ 42. fxg5 Kf7 43. gxf6 Ra1 44. Kg5 Rg1+ 45. Kf5 Rf1+ 46. Ke5 Re1+ 47. Kxd5 Re8 48. c4 Rd8+ 49. Kc5 Ra8 50. d5 Ra5+ 51. Kd4 Ra1 52. Rb6 Ra8 53. c5 Rd8 54. Ke5 Ke8 55. Re6+ Kf8 56. d6 Ra8 57. Kd5 Ra1 58. Re7 Rd1+ 59. Kc6 Ra1 60. f7 Rd1 61. Re2 Rd3 62. d7 Kxf7 63. Kc7 Rc3 64. c6 Ra3 65. d8=N+ Kf8 66. Kd7 Ra7+ 67. c7 Ra3 68. Ne6+ Kg8 69. c8=N Rd3+ 70. Nd6 Kh7 71. Ke7 Kh6 72. Nf5+ Kg6 73. Nf4+ Kxf5 74. Nxd3 Kg4 75. Nc5 Kh3 76. Rb2 Kh4 77. Nb7 Kh3 78. Rb6 Kh4 79. Kf6 Kh5 80. Rb5+ Kh6 81. Rg5 Kh7 82. Rg1 Kh8 83. Kf7 Kh7 84. Rh1# 1-0

[Event "December 12 Late 2023"]
[Site "https://www.chess.com"]
[Date "2023.12.12"]
[Round "7"]
[White "Nadera, Barlo A."]
[Black "Rios Escobar, Adan"]
[Result "1-0"]
[Board "106"]
[TimeControl "180+1"]
[WhiteFideId "5200598"]
[BlackFideId "3403645"]
[WhiteElo "2190"]
[BlackElo "2385"]
[WhiteTeam "PHI"]
[BlackTeam "CHI"]
[WhiteClock "0:00:52"]
[BlackClock "0:00:00"]

1. d4 Nf6 2. c4 g6 3. Nc3 d5 4. Nf3 Bg7 5. cxd5 Nxd5 6. Qb3 Nb6 7. Bf4 O-O 8. Rd1 Nc6 9. e3 Bg4 10. Be2 Qc8 11. h3 Bxf3 12. Bxf3 e5 13. dxe5 Nxe5 14. Be2 c6 15. O-O Re8 16. Ne4 Re7 17. Nc5 Nd5 18. Bg3 Qe8 19. Rd2 b6 20. Ne4 Rd8 21. Rfd1 Red7 22. Bh4 f6 23. Nc3 Kh8 24. Nxd5 cxd5 25. Rxd5 Rxd5 26. Rxd5 Rc8 27. Rd1 Qc6 28. f4 Nc4 29. Bxc4 Qxc4 30. Rd8+ Bf8 31. Qxc4 Rxc4 32. Rxf8+ Kg7 33. Ra8 Rc2 34. Rxa7+ Kh6 35. Bxf6 g5 36. fxg5+ Kg6 37. e4 h6 38. Rg7+ Kh5 39. Rh7 Kg6 40. Rxh6+ Kf7 41. Rh7+ Ke6 42. Re7+ Kd6 43. e5+ Kd5 44. e6 Ke4 45. Rd7 Kf4 46. e7 Re2 47. Rd8 Kg3 48. Rd3+ 1-0

[Event "December 12 Late 2023"]
[Site "https://www.chess.com"]
[Date "2023.12.12"]
[Round "7"]
[White "Haszon, David"]
[Black "Curtis, John"]
[Result "1-0"]
[Board "107"]
[TimeControl "180+1"]
[WhiteFideId "733610"]
[BlackFideId "3200256"]
[WhiteElo "2385"]
[BlackElo "2214"]
[WhiteTeam "HUN"]
[BlackTeam "AUS"]
[WhiteClock "0:01:22"]
[BlackClock "0:00:00"]

1. d4 Nf6 2. Bf4 d6 3. Nc3 Nbd7 4. Nf3 g6 5. Qd2 h6 6. O-O-O g5 7. Bg3 Nh5 8. e4 Bg7 9. e5 Nxg3 10. hxg3 e6 11. exd6 cxd6 12. Ne4 Nf6 13. Bd3 Nxe4 14. Bxe4 d5 15. Bd3 Bd7 16. Ne5 Qb6 17. c3 Ba4 18. Rde1 Bb5 19. f4 Bxe5 20. Rxe5 gxf4 21. gxf4 O-O-O 22. f5 Bxd3 23. Qxd3 Rdg8 24. Qh3 Kb8 25. fxe6 fxe6 26. Rhe1 Qc7 27. Rxe6 a6 28. Kb1 Qh7+ 29. Ka1 Rf8 30. Qg3+ 1-0

[Event "December 12 Late 2023"]
[Site "https://www.chess.com"]
[Date "2023.12.12"]
[Round "7"]
[White "Storn, Justin"]
[Black "Tokat, Nehir"]
[Result "1-0"]
[Board "108"]
[TimeControl "180+1"]
[WhiteFideId "30922720"]
[BlackFideId "34557555"]
[WhiteElo "2361"]
[BlackElo "2183"]
[WhiteTeam "USA"]
[BlackTeam "TUR"]
[WhiteClock "0:01:21"]
[BlackClock "0:00:30"]

1. e4 c5 2. Nc3 g6 3. d4 cxd4 4. Qxd4 Nf6 5. Qd2 Nc6 6. b3 Bg7 7. f3 O-O 8. Bb2 b6 9. O-O-O a6 10. g4 b5 11. h4 b4 12. Nd5 Qa5 13. Nxf6+ exf6 14. Kb1 Qb6 15. h5 g5 16. h6 Bh8 17. Bc4 Qc5 18. Bd5 a5 19. Rh5 Qe7 20. Nh3 Rd8 21. Nxg5 fxg5 22. Rxg5+ Kf8 23. Bxh8 Rb8 24. Bxc6 1-0

[Event "December 12 Late 2023"]
[Site "https://www.chess.com"]
[Date "2023.12.12"]
[Round "7"]
[White "BestestBP"]
[Black "Ramadoss, Ashokkumar"]
[Result "0-1"]
[Board "109"]
[TimeControl "180+1"]
[BlackFideId "5040990"]
[WhiteElo "2164"]
[BlackElo "2323"]
[BlackTeam "IND"]
[WhiteClock "0:00:05"]
[BlackClock "0:01:30"]

1. d4 Nf6 2. Nf3 g6 3. c4 c5 4. d5 b5 5. g3 Bg7 6. Bg2 d6 7. cxb5 a6 8. bxa6 Bxa6 9. O-O O-O 10. Re1 Nbd7 11. Nc3 Nb6 12. e4 Nfd7 13. Bf4 Nc4 14. Qc2 Qa5 15. Rac1 Rfb8 16. b3 Nce5 17. Nxe5 Nxe5 18. Bxe5 Bxe5 19. Na4 Bb5 20. f4 Bd4+ 21. Kh1 Bxa4 22. bxa4 Rb2 23. Qd3 Qxa4 24. Re2 Qxa2 25. Rxb2 Qxb2 26. Rd1 Ra2 27. Qf3 c4 28. Rf1 c3 29. e5 c2 30. exd6 exd6 31. Qe4 c1=Q 32. Qe8+ Kg7 0-1

[Event "December 12 Late 2023"]
[Site "https://www.chess.com"]
[Date "2023.12.12"]
[Round "7"]
[White "Luxama, Jacques Muller"]
[Black "Ruiz Aguilar, Pablo Alexander"]
[Result "1/2-1/2"]
[Board "110"]
[TimeControl "180+1"]
[WhiteFideId "11900113"]
[BlackFideId "4401352"]
[WhiteElo "2146"]
[BlackElo "2318"]
[WhiteTeam "HAI"]
[BlackTeam "COL"]
[WhiteClock "0:00:58"]
[BlackClock "0:00:34"]

1. e4 c5 2. Nf3 e6 3. d4 cxd4 4. Nxd4 a6 5. Nc3 Qc7 6. Bd3 Nf6 7. O-O Nc6 8. Nxc6 bxc6 9. f4 d5 10. Kh1 Bc5 11. e5 Nd7 12. Na4 Ba7 13. c4 Nc5 14. Nxc5 Bxc5 15. Qc2 h6 16. Bd2 O-O 17. Rac1 d4 18. b4 Ba7 19. Qd1 c5 20. a3 Bb7 21. Qg4 f5 22. exf6 Rxf6 23. Rce1 Qd7 24. Re5 cxb4 25. axb4 Raf8 26. Rfe1 Bb8 27. Rxe6 Rxe6 28. Qxe6+ Qxe6 29. Rxe6 Bxf4 30. Bxf4 Rxf4 31. h3 Rf2 32. Be4 Bxe4 33. Rxe4 d3 34. Rd4 Rc2 35. c5 d2 36. Kh2 Kf7 37. Rd6 a5 38. bxa5 Rxc5 39. a6 Ra5 40. Rxd2 Rxa6 41. Rd7+ Kf6 42. Rb7 Re6 43. h4 h5 44. Kg3 g6 45. Kf4 Ra6 46. g3 Ra4+ 47. Kf3 Ra3+ 48. Kg2 Ra6 49. Rb5 Ra4 1/2-1/2

[Event "December 12 Late 2023"]
[Site "https://www.chess.com"]
[Date "2023.12.12"]
[Round "7"]
[White "Kappeler, Kaspar"]
[Black "Novikova, Margarita"]
[Result "1-0"]
[Board "111"]
[TimeControl "180+1"]
[WhiteFideId "1309072"]
[BlackFideId "14109689"]
[WhiteElo "2312"]
[BlackElo "2136"]
[WhiteTeam "SUI"]
[BlackTeam "GER"]
[WhiteClock "0:00:08"]
[BlackClock "0:00:00"]

1. c4 Nf6 2. Nf3 e6 3. g3 d5 4. Bg2 dxc4 5. Qa4+ Bd7 6. Qxc4 Bc6 7. O-O Nbd7 8. d3 Nb6 9. Qc2 Be7 10. Nbd2 O-O 11. Nb3 Bd6 12. Na5 Bd7 13. Nxb7 Qe7 14. Be3 Nfd5 15. Bc5 Rac8 16. Ne5 Na4 17. Nxd7 Qxd7 18. Bxa7 c5 19. Nxd6 Qxd6 20. Qxa4 Ra8 21. e4 Nb6 22. e5 Nxa4 23. exd6 Rxa7 24. b3 Nc3 25. a4 Rd8 26. Bf3 Rxd6 27. Rfc1 Rxd3 28. Kg2 g5 29. h3 e5 30. Re1 f6 31. a5 Kg7 32. a6 Nb5 33. Rec1 Nd4 34. Bd5 Nxb3 35. Bxb3 Rxb3 36. Rxc5 Kg6 37. Rc6 e4 38. Re1 Kf5 39. g4+ 1-0

[Event "December 12 Late 2023"]
[Site "https://www.chess.com"]
[Date "2023.12.12"]
[Round "7"]
[White "Kornyukov, Alexey"]
[Black "Bhandari, Krish"]
[Result "1-0"]
[Board "112"]
[TimeControl "180+1"]
[WhiteFideId "4150457"]
[BlackFideId "30955106"]
[WhiteElo "2311"]
[BlackElo "2125"]
[WhiteTeam "RUS"]
[BlackTeam "USA"]
[WhiteClock "0:00:04"]
[BlackClock "0:00:17"]

1. d4 Nf6 2. c4 e6 3. Nc3 Bb4 4. f3 d5 5. a3 Bxc3+ 6. bxc3 c5 7. e3 O-O 8. cxd5 exd5 9. Bd3 c4 10. Bc2 Nc6 11. Ne2 Re8 12. O-O Ne7 13. Ng3 Ng6 14. e4 dxe4 15. fxe4 Be6 16. Bg5 Bg4 17. Qd2 Re6 18. h3 Qd6 19. e5 Nxe5 20. dxe5 Qxe5 21. Bf4 Qc5+ 22. Kh2 Bh5 23. Bg5 Bg6 24. Bxf6 gxf6 25. Nf5 Rae8 26. Qh6 Qf8 27. Qf4 Re2 28. Nh6+ Kg7 29. Ng4 Rxc2 30. Qxf6+ Kg8 31. Rae1 Ree2 32. Rxe2 Rxe2 33. Rd1 Re6 34. Qd4 h5 35. Nf6+ Rxf6 36. Qxf6 Bd3 37. Re1 Qb8+ 38. Kh1 Qg3 39. Re8+ Kh7 40. Rh8# 1-0

[Event "December 12 Late 2023"]
[Site "https://www.chess.com"]
[Date "2023.12.12"]
[Round "7"]
[White "Stead, Kerry"]
[Black "Silvestre, Christian"]
[Result "0-1"]
[Board "113"]
[TimeControl "180+1"]
[WhiteFideId "3202577"]
[BlackFideId "30956269"]
[WhiteElo "2084"]
[BlackElo "2310"]
[WhiteTeam "AUS"]
[BlackTeam "USA"]
[WhiteClock "0:00:13"]
[BlackClock "0:01:51"]

1. d4 Nf6 2. f3 d5 3. e4 dxe4 4. Nc3 exf3 5. Nxf3 Bg4 6. h3 Bxf3 7. Qxf3 c6 8. Qf2 e6 9. Bg5 Be7 10. Bd3 Qb6 11. O-O-O Nbd7 12. Rhf1 O-O-O 13. g4 Kb8 14. Be3 Qa5 15. Kb1 Rhf8 16. Bd2 Qb6 17. Na4 Qc7 18. Nc5 Nxc5 19. dxc5 Ka8 20. Bc3 h6 21. Rfe1 Rd5 22. b4 Rfd8 23. Be2 Ne4 24. Qe3 Nxc3+ 25. Qxc3 Bf6 26. Qb3 Qe5 27. c3 Rxd1+ 28. Rxd1 Qxe2 29. Rxd8+ Bxd8 30. a4 Bc7 31. c4 Qe4+ 32. Kb2 Be5+ 33. Ka3 Qe1 0-1

[Event "December 12 Late 2023"]
[Site "https://www.chess.com"]
[Date "2023.12.12"]
[Round "7"]
[White "Bazzano, Sebastian"]
[Black "Reinecke, Katharina"]
[Result "1-0"]
[Board "114"]
[TimeControl "180+1"]
[WhiteFideId "104566"]
[BlackFideId "12929727"]
[WhiteElo "2307"]
[BlackElo "2020"]
[WhiteTeam "ARG"]
[BlackTeam "GER"]
[WhiteClock "0:01:10"]
[BlackClock "0:00:00"]

1. d4 d5 2. Bf4 Nf6 3. e3 e6 4. Nf3 Bd6 5. Ne5 O-O 6. Nd2 Nbd7 7. Bd3 Qe7 8. c3 c5 9. Bg3 cxd4 10. exd4 b6 11. Nc6 Qe8 12. Bxd6 Bb7 13. Ne5 Nxe5 14. dxe5 Nd7 15. Bxf8 Qxf8 16. Nf3 f6 17. Qe2 f5 18. O-O Nc5 19. Nd4 Qe7 20. f4 Ne4 21. Bxe4 dxe4 22. Qe3 Rc8 23. Rad1 Ba6 24. Rfe1 Bd3 25. Rxd3 exd3 26. Qxd3 Rd8 27. Qc4 Re8 28. Nxf5 Qf8 29. Nd6 Re7 30. f5 Kh8 31. fxe6 h6 32. Rf1 Qd8 33. Nf7+ Rxf7 34. exf7 1-0

[Event "December 12 Late 2023"]
[Site "https://www.chess.com"]
[Date "2023.12.12"]
[Round "7"]
[White "Burke, Paul"]
[Black "Player, Edmund C"]
[Result "0-1"]
[Board "115"]
[TimeControl "180+1"]
[WhiteFideId "2605767"]
[BlackFideId "406520"]
[WhiteElo "1852"]
[BlackElo "2283"]
[WhiteTeam "CAN"]
[BlackTeam "ENG"]
[WhiteClock "0:01:26"]
[BlackClock "0:01:00"]

1. e4 c6 2. d4 d5 3. exd5 cxd5 4. c4 Nf6 5. Nc3 Nc6 6. Nf3 Bg4 7. Be2 e6 8. O-O dxc4 9. Bxc4 Be7 10. d5 exd5 11. Nxd5 Nxd5 12. Qxd5 O-O 13. Qxd8 Raxd8 14. Ng5 Ne5 15. Bb3 Nd3 16. Be3 Be2 17. Rfb1 Bf6 18. Nxf7 Rxf7 19. Bxf7+ Kxf7 20. Bxa7 Bxb2 21. Rxb2 Nxb2 22. h3 Rd1+ 23. Rxd1 Nxd1 24. a4 Nb2 25. a5 Nc4 0-1

[Event "December 12 Late 2023"]
[Site "https://www.chess.com"]
[Date "2023.12.12"]
[Round "7"]
[White "De Souza, Arthur Olintho"]
[Black "Omariev, Maksim"]
[Result "1-0"]
[Board "116"]
[TimeControl "180+1"]
[WhiteFideId "2116200"]
[BlackFideId "4193423"]
[WhiteElo "2063"]
[BlackElo "2468"]
[WhiteTeam "BRA"]
[BlackTeam "RUS"]
[WhiteClock "0:00:16"]
[BlackClock "0:00:00"]

1. e4 c5 2. Nc3 Nc6 3. Nge2 e5 4. f4 d6 5. d3 g6 6. Be3 Bg7 7. g3 Nge7 8. Bg2 h5 9. Qd2 h4 10. O-O-O h3 11. Bf3 Nd4 12. Bxd4 cxd4 13. Nd5 Be6 14. Kb1 Qd7 15. Qb4 Nc6 16. Qa4 Rb8 17. c3 O-O 18. cxd4 exd4 19. Rc1 b5 20. Qa6 Bxd5 21. exd5 Nb4 22. Qa5 Nxd3 23. Rc6 Nc5 24. g4 Rfe8 25. Rd1 Qe7 26. Nxd4 Qe3 27. Qc3 Bxd4 28. Rxd4 Qxc3 29. bxc3 Re1+ 30. Kc2 Rf1 31. Be4 Rf2+ 32. Kb1 Rxh2 33. Rxd6 Rf2 34. f5 1-0

[Event "December 12 Late 2023"]
[Site "https://www.chess.com"]
[Date "2023.12.12"]
[Round "7"]
[White "De Souza, Cristiano Gomes"]
[Black "Zampronha, Wladimir Camilo"]
[Result "1-0"]
[Board "118"]
[TimeControl "180+1"]
[WhiteFideId "2151758"]
[BlackFideId "2103087"]
[WhiteElo "2231"]
[BlackElo "2350"]
[WhiteTeam "BRA"]
[BlackTeam "BRA"]
[WhiteClock "0:01:42"]
[BlackClock "0:01:53"]

1. d4 Nf6 2. c4 c5 3. d5 e6 4. Nc3 exd5 5. cxd5 d6 6. Nf3 g6 7. e4 Bg7 8. h3 O-O 9. Bd3 b5 10. Nxb5 Nxe4 11. O-O a6 12. Na3 Nf6 13. Nc4 Bb7 14. Bf4 Ne8 15. Re1 Qc7 16. Rxe8 Rxe8 17. Nxd6 Rd8 18. Nxb7 Qxb7 19. Bc4 Qxb2 20. Rb1 Qc3 21. Rc1 Qa5 22. d6 Nd7 23. Ng5 Rf8 24. Nxf7 Rxf7 25. Bxf7+ Kxf7 26. Qd5+ Kf6 27. Bg5# 1-0

[Event "December 12 Late 2023"]
[Site "https://www.chess.com"]
[Date "2023.12.12"]
[Round "7"]
[White "Floresvillar Gonzalez, Luis Migu"]
[Black "Munoz Sanchez, Miguel"]
[Result "1/2-1/2"]
[Board "119"]
[TimeControl "180+1"]
[WhiteFideId "5100542"]
[BlackFideId "3600734"]
[WhiteElo "2216"]
[BlackElo "2332"]
[WhiteTeam "MEX"]
[BlackTeam "ECU"]
[WhiteClock "0:00:02"]
[BlackClock "0:00:05"]

1. d4 Nf6 2. c3 g6 3. Bg5 Bg7 4. Nd2 d5 5. e3 O-O 6. Bd3 c5 7. Ngf3 Nc6 8. Qe2 h6 9. Bf4 Re8 10. Ne5 Nd7 11. Nxd7 Bxd7 12. dxc5 e5 13. Bg3 Qe7 14. b4 a5 15. b5 Nd8 16. c6 bxc6 17. bxc6 Bxc6 18. O-O e4 19. Bb5 Qc5 20. Bxc6 Nxc6 21. Rac1 Ne5 22. Bxe5 Bxe5 23. Nb3 Qc7 24. Nd4 Bxh2+ 25. Kh1 Re5 26. g3 Rh5 27. Kg2 Qd7 28. g4 Rh4 29. f3 exf3+ 30. Qxf3 Be5 31. Rh1 Rxg4+ 32. Kf2 h5 33. Rcg1 Rxg1 34. Rxg1 Rb8 35. Qxh5 Rb2+ 36. Kf3 Bg7 37. Qg4 Qxg4+ 38. Rxg4 Rxa2 39. Nc6 Ra3 40. Ne7+ Kf8 41. Nxd5 Bxc3 42. Nxc3 Rxc3 43. Ra4 Rc5 44. e4 Ke7 45. Kf4 Ke6 46. Rd4 f6 47. Rd8 g5+ 48. Kg4 Rb5 49. Re8+ Kf7 50. Ra8 Rb4 51. Kf5 Rb5+ 52. Kg4 Rb4 53. Kf5 Rb5+ 54. Kg4 1/2-1/2

[Event "December 12 Late 2023"]
[Site "https://www.chess.com"]
[Date "2023.12.12"]
[Round "7"]
[White "Bonin, Jay"]
[Black "Demina, Marya"]
[Result "1/2-1/2"]
[Board "120"]
[TimeControl "180+1"]
[WhiteFideId "2000644"]
[BlackFideId "4195671"]
[WhiteElo "2313"]
[BlackElo "2145"]
[WhiteTeam "USA"]
[BlackTeam "RUS"]
[WhiteClock "0:00:07"]
[BlackClock "0:00:12"]

1. d4 Nf6 2. Nf3 c5 3. d5 d6 4. Nc3 g6 5. e4 Bg7 6. Bb5+ Bd7 7. a4 a6 8. Be2 b6 9. Nd2 O-O 10. O-O Qc8 11. Nc4 Qb7 12. e5 Ne8 13. Bf4 b5 14. axb5 axb5 15. Rxa8 Qxa8 16. Nb6 Qb7 17. Nxd7 Nxd7 18. exd6 Nxd6 19. Bxd6 exd6 20. Nxb5 Be5 21. c3 Nb6 22. f4 Bf6 23. Nxd6 Qxd5 24. Bc4 Bd4+ 25. Qxd4 cxd4 26. Bxd5 Nxd5 27. cxd4 Rd8 28. Nc4 Nb4 29. Rd1 Rc8 30. b3 Nd5 31. g3 Rb8 32. Rd3 Nb4 33. Re3 Nd5 34. Rf3 Rd8 35. Kf2 Nb4 36. Re3 Rxd4 37. Re7 Rd1 38. Ne5 Rb1 39. Rxf7 Rxb3 40. Rc7 Rb2+ 41. Kf3 Nd5 42. Rd7 Nf6 43. Ra7 Rxh2 44. g4 Rh3+ 45. Kg2 Rb3 46. g5 Nh5 47. Ra4 Rb2+ 48. Kf3 Rb1 49. Ra8+ Kg7 50. Ra7+ Kg8 51. Ra8+ Kg7 52. Ra7+ Kg8 53. Ra8+ 1/2-1/2

[Event "December 12 Late 2023"]
[Site "https://www.chess.com"]
[Date "2023.12.12"]
[Round "7"]
[White "ogpin"]
[Black "Mazzilli, Piero"]
[Result "1-0"]
[Board "121"]
[TimeControl "180+1"]
[BlackFideId "807087"]
[WhiteElo "2148"]
[BlackElo "2305"]
[BlackTeam "ITA"]
[WhiteClock "0:00:19"]
[BlackClock "0:00:08"]

1. e4 c5 2. Nf3 d6 3. Bb5+ Nd7 4. O-O a6 5. Bd3 Ngf6 6. Re1 Ne5 7. Nxe5 dxe5 8. b3 e6 9. Bb2 Qc7 10. a4 Be7 11. Na3 O-O 12. Nc4 Nd7 13. Qh5 g6 14. Qh6 b6 15. f4 Bf6 16. fxe5 Nxe5 17. Bxe5 Bxe5 18. Nxe5 Qxe5 19. Rf1 Bb7 20. Rae1 Rad8 21. Rf3 Rd4 22. Rh3 Qg7 23. Qe3 e5 24. c3 Rd6 25. Bc4 Rfd8 26. Rf3 R6d7 27. Ref1 Rf8 28. d3 Kh8 29. Rf6 b5 30. axb5 axb5 31. Bxb5 Rc7 32. Bc4 Bc8 33. Qg5 Re7 34. Qe3 Rc7 35. h3 Bf5 36. Ra6 Be6 37. Bxe6 fxe6 38. Rxf8+ Qxf8 39. Rxe6 Qa8 40. Qf2 Qa1+ 41. Kh2 Qa8 42. Qf6+ Kg8 43. Qxe5 Rc8 44. Re7 Qb8 45. Qxb8 Rxb8 46. Rc7 Rxb3 47. Rxc5 Kg7 48. d4 h5 49. Kg3 Kf6 50. Kf4 g5+ 51. Ke3 h4 52. Rc6+ Kg7 53. d5 Rb2 54. d6 Rxg2 55. d7 Rg3+ 56. Kd4 Rg1 57. Ke5 Rd1 58. Rd6 Rf1 59. d8=Q Rf7 60. Qxg5+ Kh7 61. Rh6# 1-0

[Event "December 12 Late 2023"]
[Site "https://www.chess.com"]
[Date "2023.12.12"]
[Round "7"]
[White "Harrington, Steve"]
[Black "Khokhlova, Daria"]
[Result "0-1"]
[Board "122"]
[TimeControl "180+1"]
[WhiteFideId "2038730"]
[BlackFideId "24182729"]
[WhiteElo "2126"]
[BlackElo "2278"]
[WhiteTeam "USA"]
[BlackTeam "FID"]
[WhiteClock "0:00:00"]
[BlackClock "0:00:21"]

1. e4 c5 2. c3 Nf6 3. e5 Nd5 4. d4 cxd4 5. cxd4 d6 6. exd6 e6 7. Nc3 Nxc3 8. bxc3 Bxd6 9. Nf3 O-O 10. Be2 Nc6 11. O-O b6 12. Re1 Bb7 13. a4 Rc8 14. Bb2 Na5 15. Rc1 Bd5 16. Nd2 Bf4 17. Rc2 Qc7 18. Ba6 Rcd8 19. c4 Bxh2+ 20. Kh1 Ba8 21. Nf3 Bd6 22. Qe2 Nc6 23. c5 Nb4 24. Rcc1 Be7 25. cxb6 Qxb6 26. Bc4 Nd5 27. Qd2 Bb4 28. Qc2 Bxe1 29. Rxe1 Nf4 30. d5 Bxd5 31. Qc3 f6 32. Ba3 Rfe8 33. Bxd5 exd5 34. Rd1 d4 35. Qd2 Ne6 36. a5 Qb5 0-1

[Event "December 12 Late 2023"]
[Site "https://www.chess.com"]
[Date "2023.12.12"]
[Round "7"]
[White "Hernandez Jimenez, Alexander Andres"]
[Black "Kniazev, Igor"]
[Result "0-1"]
[Board "123"]
[TimeControl "180+1"]
[WhiteFideId "3900452"]
[BlackFideId "4136349"]
[WhiteElo "2265"]
[BlackElo "2102"]
[WhiteTeam "VEN"]
[BlackTeam "RUS"]
[WhiteClock "0:00:00"]
[BlackClock "0:00:14"]

1. e4 e5 2. Nf3 Nf6 3. d4 Nxe4 4. Bd3 d5 5. Nxe5 Nd7 6. Nxd7 Bxd7 7. O-O Be7 8. c4 c6 9. Nc3 Nxc3 10. bxc3 dxc4 11. Bxc4 O-O 12. Rb1 b5 13. Bd3 Qa5 14. Qh5 g6 15. Qe2 Bf6 16. Qc2 a6 17. Bf4 Rfe8 18. Bd6 Re6 19. Bc5 Rae8 20. h3 Qc7 21. Qd2 Be7 22. Bxe7 R8xe7 23. a4 c5 24. axb5 c4 25. b6 Rxb6 26. Rxb6 Qxb6 27. Bxc4 a5 28. Qa2 a4 29. Rb1 Qc7 30. Qa3 Bf5 31. Ra1 Rd7 32. Qxa4 Qf4 33. Bf1 Kg7 34. Qb5 Rc7 35. Bc4 Be4 36. Re1 Bb7 37. Bf1 Qf6 38. Qe5 Rxc3 39. Qxf6+ Kxf6 40. Rd1 Bd5 41. g3 Rc2 42. Bg2 Ke6 43. h4 f5 44. h5 Bxg2 45. Kxg2 gxh5 46. Kf3 Kd5 47. Rh1 Kxd4 48. Rxh5 Rc5 49. Rxh7 f4 50. Kxf4 Rc2 51. g4 Kd5 52. Kg5 Ke6 53. Rh8 Rxf2 54. Kg6 Ke7 55. g5 Rg2 56. Ra8 Rg1 57. Kh6 Kf7 58. Ra7+ Kg8 59. Kg6 Kf8 60. Ra8+ Ke7 61. Kh6 Kf7 62. Ra7+ Kf8 0-1

[Event "December 12 Late 2023"]
[Site "https://www.chess.com"]
[Date "2023.12.12"]
[Round "7"]
[White "Oliveira, Tiago Batista"]
[Black "Clarke, Matthew"]
[Result "0-1"]
[Board "124"]
[TimeControl "180+1"]
[WhiteFideId "2108291"]
[BlackFideId "3227804"]
[WhiteElo "2083"]
[BlackElo "2214"]
[WhiteTeam "BRA"]
[BlackTeam "AUS"]
[WhiteClock "0:02:15"]
[BlackClock "0:01:43"]

1. d4 d5 2. c4 e6 3. Nf3 Nf6 4. g3 Be7 5. Bg2 O-O 6. O-O dxc4 7. Ne5 Nc6 8. Bxc6 bxc6 9. Nxc6 Qe8 10. Nxe7+ Qxe7 11. Qa4 e5 12. Qxc4 exd4 13. Qxd4 Qxe2 14. Nc3 Qf3 15. Qe3 Qc6 16. f3 Re8 17. Qf2 Ba6 18. Rd1 Bb7 19. Be3 Ng4 0-1

[Event "December 12 Late 2023"]
[Site "https://www.chess.com"]
[Date "2023.12.12"]
[Round "7"]
[White "Manfroi, Alexander Giannini"]
[Black "Gulamirian, Korun"]
[Result "1-0"]
[Board "125"]
[TimeControl "180+1"]
[WhiteFideId "22739335"]
[BlackFideId "4144899"]
[WhiteElo "2193"]
[BlackElo "2014"]
[WhiteTeam "BRA"]
[BlackTeam "RUS"]
[WhiteClock "0:00:50"]
[BlackClock "0:00:50"]

1. d4 Nf6 2. Bf4 g6 3. Nc3 Bg7 4. e4 Nh5 5. Bg5 O-O 6. Qd2 Re8 7. O-O-O c6 8. g4 Nf6 9. f3 d6 10. Bh6 Bh8 11. h4 Nxg4 12. fxg4 Bxg4 13. Be2 Qd7 14. Qf4 Bxe2 15. Ngxe2 e5 16. dxe5 Bxe5 17. Qg5 Qe6 18. h5 Nd7 19. hxg6 fxg6 20. Rdf1 Nf6 21. Nf4 Bxf4+ 22. Qxf4 Nh5 23. Rxh5 gxh5 24. Rg1+ Qg6 25. Rxg6+ hxg6 26. Qf6 1-0